 Dungeon Crawl Stone Soup version 0.27.1-15-g792fb953b9 (webtiles) character file.

Game seed: 10781269364165640206

114 croobank the Sneak (level 5, -3/42 HPs)
             Began as a Formicid Delver on Nov 20, 2021.
             Killed from afar by a white imp (8 damage)
             ... with a puff of frost
             ... summoned by Natasha
             ... on level 2 of the Dungeon.
             The game lasted 00:11:36 (2288 turns).

croobank the Sneak (Formicid Delver)                Turns: 2288, Time: 00:11:36

Health: -3/42      AC:  4    Str: 17    XL:     5   Next: 19%
Magic:  6/6        EV: 12    Int: 10    God:
Gold:   31         SH:  0    Dex: 12    Spells: 6/6 levels left

rFire    . . .     SeeInvis +   a - +0 hand axe
rCold    . . .     Faith    .   (no shield)
rNeg     . . .     Spirit   .   b - +0 leather armour
rPois    .         Reflect  .   (helmet unavailable)
rElec    .         Harm     .   (no cloak)
rCorr    .         Rampage  .   i - +0 pair of gloves
Will     .....                  (no boots)
Stlth    +++.......             o - amulet of magic regeneration
HPRegen  0.14/turn              (no ring)
MPRegen  0.35/turn              (no ring)

@: no status effects
A: permanent stasis, dig shafts and tunnels, antennae 3, four strong arms
a: Dig, Shaft Self


You were on level 2 of the Dungeon.
You visited 1 branch of the dungeon, and saw 5 of its levels.

You collected 31 gold pieces.

Inventory:

Hand Weapons
 a - a +0 hand axe (weapon)
 g - a +0 trident
Missiles
 e - 30 stones
 j - 6 javelins (quivered)
Armour
 b - a +0 leather armour (worn)
 i - a +0 pair of gloves (worn)
Jewellery
 o - an amulet of magic regeneration (around neck)
Wands
 f - a wand of digging (3)
Scrolls
 c - 2 scrolls of fog
 d - 2 scrolls of magic mapping
 k - 2 scrolls of summoning {unknown}
 q - a scroll of brand weapon {unknown}
 r - 2 scrolls of silence {unknown}
Potions
 l - 2 potions of degeneration {unknown}
 m - a potion of heal wounds {unknown}
 n - 2 potions of curing {unknown}
 p - a potion of lignification {unknown}


   Skills:
 + Level 3.6 Fighting
 + Level 2.7 Axes
 + Level 1.2 Armour
 + Level 2.0 Dodging
 + Level 7.1 Stealth
 * Level 1.0 Spellcasting
 * Level 0.6 Translocations


You had 6 spell levels left.
You didn't know any spells.
Your spell library contained the following spells:

 Spells                   Type           Power      Damage    Failure   Level
 Gell's Gravitas          Tloc           0%         N/A       67%         3
 Teleport Other           Tloc           1%         N/A       67%         3
 Dispersal                Tloc           0%         N/A       100%        6


Dungeon Overview and Level Annotations

Branches:
Dungeon (5/15)
 Temple: D:4-7

Altars:

Annotations:
D:2 Natasha
D:3 Sigmund


Innate Abilities, Weirdness & Mutations

You cannot be hasted, slowed, berserked, paralysed or teleported.
You can dig through walls and to a lower floor.
You have a pair of large antennae on your head. (SInv)
Your four strong arms can wield two-handed weapons with a shield.


Message History

You hit Natasha.
Natasha is lightly wounded.
Natasha hisses.
Natasha barely misses you.
You barely miss Natasha.
Natasha is lightly wounded.
Natasha misses you.
Natasha casts a spell.
You hit Natasha but do no damage.
Natasha is lightly wounded.
You hit the white imp but do no damage. Natasha barely misses you.
The white imp closely misses you.
You completely miss Natasha.
Natasha is lightly wounded.
You hit the white imp but do no damage. Natasha closely misses you.
The white imp hits you. The white imp freezes you.
You completely miss Natasha.
Natasha is lightly wounded.
You completely miss the white imp. The white imp gestures at you.
The puff of frost hits you! Natasha barely misses you.
You miss Natasha.
Natasha is lightly wounded.
You hit the white imp. The white imp gestures at you.
The puff of frost hits you.
* * * LOW HITPOINT WARNING * * *
Natasha claws you!
* * * LOW HITPOINT WARNING * * *
Okay, then.
As you read the scroll of fear, it crumbles to dust.
You assume a fearsome visage.
The white imp is unaffected.
Natasha looks frightened!
The white imp completely misses you.
The white imp grinds its teeth.
The white imp puffs mist at you.
Found a stone staircase leading up.
There is a stone staircase leading up here.
The white imp gestures at you. The puff of frost hits you!
You die...

#.###...#####.###
.<.# #...# #....
#..# #..## #.##.
#..# #..# #.##.
#.. #..### #.###
#.. ....h ..# #
#######.####..##
### #
.........###..#
#@5.....#
##.###$#### #.#
#....# #.# ####.#
#.# #.# #.# #.#
#.# #.# #.# ###.#
#...#


You could see a white imp (summoned).

Vanquished Creatures
  Jessica (D:2)
  A howler monkey skeleton (D:5)
  2 adders (D:2)
  4 dart slugs
  4 ball pythons
  An endoplasm (D:2)
  3 giant cockroaches (D:1)
  3 goblins
  5 hobgoblins
  9 jackals
  5 kobolds
  2 quokkas
  3 bats
  4 frilled lizards
  5 rats
52 creatures vanquished.

Vanquished Creatures (others)
  2 fungi (D:1)
2 creatures vanquished.

Grand Total: 54 creatures vanquished

Notes
Turn   | Place    | Note
-------+----------+-------------------------------------------
     0 | D:5      | croobank the Formicid Delver began the quest for the Orb.
     0 | D:5      | Reached XP level 1. HP: 18/18 MP: 1/1
    28 | D:5      | Reached XP level 2. HP: 19/24 MP: 2/2
   155 | D:4      | Noticed a scorpion
   156 | D:4      | Noticed an ogre
   166 | D:3      | Noticed Sigmund
   215 | D:2      | Reached XP level 3. HP: 19/29 MP: 3/3
   226 | D:2      | Noticed Natasha
   649 | D:1      | Reached skill level 7 in Stealth
   731 | D:1      | Found a faded altar of an unknown god.
  1048 | D:1      | Reached XP level 4. HP: 35/35 MP: 4/4
  1598 | D:2      | Noticed Jessica
  1628 | D:2      | Killed Jessica
  1629 | D:2      | Reached skill level 1 in Armour
  1629 | D:2      | Reached skill level 1 in Spellcasting
  1629 | D:2      | Reached XP level 5. HP: 25/41 MP: 6/6
  2288 | D:2      | Killed from afar by a white imp

Illustrated notes

Levels and vault maps discovered:
D:1:      dpeg_arrival_another_circle, layout_basic,
          shapermc_ecumenical_altar_hornbeckon
D:2:      minmay_skewed_foursquare, layout_loops_ring, minivault_25,
          uniq_natasha, uniq_jessica
D:3:      layout_basic, nzn_wu_jian_council_hall, uniq_sigmund
D:4:      layout_rooms, gup_sewer_entry_bubbles, minivault_5,
          dk_rats_in_the_wall
D:5:      layout_basic, mainiacjoe_overflow_alcove_2,
          nicolae_inconvenience_store

Skill      XL: |  1  2  3  4 |
---------------+-------------+-----
Stealth        | 7 |  7.1
Dodging        | 2 |  2.0
Armour         | 1 |  1.2
Spellcasting   | 1 |  1.0
Fighting       | |  3.6
Axes           | |  2.7
Translocations | |  0.6

Action                   |  1- 3 |  4- 6 || total
-------------------------+-------+-------++-------
Melee: Hand axe          |    72 |   106 ||   178
  Use: Scroll            |     1 |     1 ||     2
 Stab: Sleeping          |     5 |     3 ||     8
Armor: Leather armour    |    28 |    28 ||    56
Dodge: Dodged            |    53 |    69 ||   122
